 Dungeon Sprint DCSS version 0.17-a0-1719-g1afd5a1 (webtiles) character file.

16400000 ztt the Plane Walker (level 27, -13/273 HPs)
             Began as a Ghoul Warper on Aug 28, 2015.
             Was the Champion of Makhleb.
             Mangled by an accursed (24 damage)
             ... in the Dungeon (Sprint VIII: "Arena of Blood").
             The game lasted 00:03:16 (164 turns).

ztt the Plane Walker (Ghoul Warper)                  Turns: 164, Time: 00:03:17

Health: -13/273    AC:  6    Str: 19    XL:     27
Magic:  47/53      EV: 32    Int:  8    God:    Makhleb [******]
Gold:   0          SH:  0    Dex: 17    Spells: 1 memorised, 79 levels left

rFire  + . .     SeeInvis +     l - +∞ Axe of Woe
rCold  + . .     Clarity  .     b - +0 leather armour
rNeg   + + +     SustAt   .     (no shield)
rPois  ∞         Gourm    .     (no helmet)
rElec  .         Spirit   .     (no cloak)
rCorr  .         Warding  .     (no gloves)
rMut   .         NoTele   +     (no boots)
MR     ++...                    (no amulet)
Stlth  +++++++++.               n - ring of protection from fire
                                m - ring of see invisible

@: rotting, slowed, very slow, very resistant to hostile enchantments,
incredibly stealthy
A: rotting body, claws 1, carnivore 3, cold resistance 1, negative energy
resistance 3, slow healing 1, torment resistance, unbreathing
a: Minor Destruction, Lesser Servant of Makhleb, Major Destruction, Greater
Servant of Makhleb, Renounce Religion


You were in the Dungeon.
You worshipped Makhleb.
Makhleb was exalted by your worship.
You were not hungry.

You visited 1 branch

Inventory:

Hand weapons
 a - a +0 hand axe
 l - the +∞ Axe of Woe (weapon)
   (You found it in the Dungeon)
Missiles
 e - 5 tomahawks of dispersal (quivered)
Armour
 b - a +0 leather armour (worn)
Jewellery
 m - a ring of see invisible (left claw)
 n - a ring of protection from fire (right claw)
 o - a +400 ring of slaying
 p - a +30 ring of slaying
 q - a +400 ring of slaying
Scrolls
 d - 2 scrolls of blinking
Potions
 g - a potion of curing
 h - a potion of heal wounds
 i - a potion of haste
 j - 2 potions of magic
 k - a potion of berserk rage
Books
 c - a book of Spatial Translocations

   Spells                             Type                      Level
   a - Apportation                    Translocation                1
   b - Blink                          Translocation                2
   c - Shroud of Golubria             Charms/Translocation         2
   d - Portal Projectile              Translocation                3
   e - Teleport Other                 Translocation                3
   f - Passage of Golubria            Translocation                4
Comestibles
 f - a meat ration


   Skills:
 O Level 27 Fighting
 O Level 27 Axes
 O Level 27 Throwing
 O Level 27 Armour
 O Level 27 Dodging
 O Level 27 Stealth
 O Level 27 Unarmed Combat
 O Level 27 Spellcasting
 O Level 27 Translocations
 O Level 27 Invocations


You had 79 spell levels left.
You knew the following spells:

 Your Spells              Type           Power        Failure   Level  Hunger
a - Apportation           Tloc           ######....   0%          1    None


Dungeon Overview and Level Annotations

Branches:
Dungeon (1/1)

Altars:
Makhleb


Innate Abilities, Weirdness & Mutations

Your body is rotting away.
You thrive on raw meat.
You are immune to poison.
You have sharp fingernails.
You are carnivorous and can eat meat at any time.
Your flesh is cold resistant.
You are immune to negative energy.
You heal slowly when monsters are visible.
You are immune to unholy pain and torment.
You can survive without breathing.


Message History

You hear a shout! x3
The meat berserker hits you with a +9 battleaxe!!
You hear a shout!
Unknown command.
Unknown command.
You slice the meat berserker!!
You dissect the meat berserker like a pig carcass.
You kill the meat berserker!
Makhleb accepts your kill.
You feel better.
You hear a shout! x6
Unknown command.
Unknown command.
A hydra and a wraith come into view.
The fleshlord shouts!
You hear a shout!
You hear a shout!
The fleshlord hits you with a +9 great mace!!!!!
Ouch! That really hurt!
* * * LOW HITPOINT WARNING * * *
The accursed hits you!!
You die...

#.†........ .......#.).
#....p.... ........#)).
#.).......#............
#)p....W.#.#.#.....))X.
#.))o..XG.#.#....%...)X
#.)###.op#.#.#......§§§
#..))##SS)#.#.....#.)))
#....)#pDOD.........C.z
#....)@)##G§.....##.#))
####...M.##.))...))....
####.....x####.)..#.
####...)x........
####..........
####....... ########


You could see an accursed, 2 eight-headed meat hydras, an observer (invisible),
2 scourges, 2 fleshlords, a large abomination, a dread, a meat berserker
(berserk) and a bag of meat.

Vanquished Creatures
  5 hell knights (D)
  Sigmund (D)
  9 hell beasts (D)
  A greater mummy (D)
  7 great orbs of eyes (D)
  6 wraiths (D)
  11 vampire knights (D)
  30 ogres (D)
  A lich (D)
  5 hydras (D)
  62 orcs (D)
  4 phantoms (D)
  7 hill giants (D)
  5 skeletal warriors (D)
  A sea snake (D)
  7 small abominations (D)
  5 large abominations (D)
  10 crawling corpses (D)
177 creatures vanquished.

Vanquished Creatures (others)
  6 crawling corpses (D)
6 creatures vanquished.

Grand Total: 183 creatures vanquished

Notes
Turn   | Place    | Note
--------------------------------------------------------------
     0 | D        | ztt the Ghoul Warper began the quest for the Orb.
     0 | D        | Reached XP level 1. HP: 17/17 MP: 2/2
     3 | D        | Noticed a bag of meat
     3 | D        | Noticed a bag of meat
     4 | D        | Noticed a bag of meat
     4 | D        | Killed a bag of meat
     4 | D        | Reached skill level 11 in Fighting
     4 | D        | Reached skill level 10 in Spellcasting
     4 | D        | Reached skill level 17 in Translocations
     4 | D        | Reached XP level 2. HP: 20/40 MP: 2/12
     4 | D        | Reached XP level 3. HP: 23/47 MP: 2/13
     4 | D        | Reached XP level 4. HP: 26/55 MP: 2/15
     4 | D        | Reached XP level 5. HP: 28/61 MP: 2/16
     4 | D        | Reached XP level 6. HP: 31/68 MP: 2/18
     4 | D        | Reached XP level 7. HP: 33/74 MP: 2/19
     4 | D        | Reached XP level 8. HP: 36/82 MP: 2/21
     4 | D        | Reached XP level 9. HP: 39/89 MP: 2/22
     4 | D        | Reached XP level 10. HP: 42/96 MP: 2/23
     4 | D        | Reached XP level 11. HP: 44/102 MP: 2/24
     4 | D        | Reached XP level 12. HP: 47/110 MP: 2/25
     5 | D        | Noticed a bag of meat
     5 | D        | Became a worshipper of Makhleb the Destroyer
     7 | D        | Noticed a bag of meat
     8 | D        | Noticed a bag of meat
     8 | D        | Killed a bag of meat
     8 | D        | Reached skill level 10 in Dodging
     8 | D        | Reached skill level 20 in Translocations
     8 | D        | Reached XP level 13. HP: 49/119 MP: 2/27
     9 | D        | Noticed a bag of meat
     9 | D        | Noticed a bag of meat
     9 | D        | Noticed a bag of meat
     9 | D        | Killed a bag of meat
     9 | D        | Acquired Makhleb's first power
     9 | D        | Reached skill level 5 in Throwing
     9 | D        | Reached skill level 21 in Translocations
     9 | D        | Reached XP level 14. HP: 17/132 MP: 3/29
    10 | D        | Noticed a bag of meat
    10 | D        | Noticed a bag of meat
    10 | D        | Noticed a bag of meat
    10 | D        | Noticed a bag of meat
    10 | D        | Noticed a large bag of meat
    10 | D        | Noticed a bag of meat
    11 | D        | Noticed a meat berserker
    11 | D        | Noticed a meat berserker
    12 | D        | Noticed a meat berserker
    12 | D        | Killed a bag of meat
    12 | D        | Reached skill level 23 in Translocations
    12 | D        | Killed a bag of meat
    12 | D        | Acquired Makhleb's second power
    12 | D        | Reached skill level 15 in Fighting
    12 | D        | Reached skill level 5 in Armour
    12 | D        | Reached skill level 24 in Translocations
    12 | D        | Reached XP level 15. HP: 79/143 MP: 3/32
    12 | D        | Killed a bag of meat
    12 | D        | Reached skill level 15 in Spellcasting
    12 | D        | Reached skill level 25 in Translocations
    13 | D        | Noticed a meat berserker
    13 | D        | Noticed a bag of meat
    14 | D        | Noticed a bag of meat
    14 | D        | Killed a bag of meat
    14 | D        | Acquired Makhleb's third power
    14 | D        | Reached skill level 15 in Axes
    14 | D        | Reached skill level 26 in Translocations
    14 | D        | Reached XP level 16. HP: 110/155 MP: 4/34
    14 | D        | Killed a bag of meat
    14 | D        | Reached skill level 15 in Dodging
    14 | D        | Killed a bag of meat
    14 | D        | Reached skill level 27 in Translocations
    14 | D        | Killed a bag of meat
    14 | D        | Acquired Makhleb's fourth power
    14 | D        | Reached XP level 17. HP: 161/170 MP: 4/37
    15 | D        | Noticed a meat berserker
    15 | D        | Killed a meat berserker
    15 | D        | Killed a bag of meat
    15 | D        | Reached XP level 18. HP: 156/188 MP: 4/40
    15 | D        | Killed a large bag of meat
    15 | D        | Acquired Makhleb's fifth power
    15 | D        | Killed a bag of meat
    16 | D        | Noticed a meat berserker
    16 | D        | Noticed a bag of meat
    16 | D        | Noticed a meat berserker
    16 | D        | Killed a meat berserker
    16 | D        | Killed a meat berserker
    16 | D        | Reached skill level 27 in Fighting
    16 | D        | Reached skill level 10 in Throwing
    16 | D        | Reached XP level 19. HP: 170/207 MP: 5/44
    16 | D        | Killed a meat berserker
    16 | D        | Reached skill level 27 in Axes
    16 | D        | Reached skill level 10 in Armour
    17 | D        | Noticed a bag of meat
    17 | D        | Noticed a meat berserker
    17 | D        | Noticed a meat berserker
    17 | D        | Killed a bag of meat
    17 | D        | Reached XP level 20. HP: 195/216 MP: 5/47
    18 | D        | Killed a bag of meat
    19 | D        | Noticed a bag of meat
    19 | D        | Noticed a bag of meat
    19 | D        | Noticed a bag of meat
    19 | D        | Noticed a bag of meat
    19 | D        | Killed a meat berserker
    19 | D        | Reached skill level 27 in Spellcasting
    19 | D        | Killed a bag of meat
    19 | D        | Reached skill level 27 in Dodging
    20 | D        | Noticed a bag of meat
    20 | D        | Noticed a large bag of meat
    20 | D        | Killed a meat berserker
    20 | D        | Reached XP level 21. HP: 224/224 MP: 6/51
    21 | D        | Noticed a bag of meat
    21 | D        | Killed a bag of meat
    22 | D        | Killed a meat berserker
    23 | D        | Noticed a bag of meat
    23 | D        | Killed a large bag of meat
    23 | D        | Killed a meat berserker
    23 | D        | Reached XP level 22. HP: 233/233 MP: 6/52
    24 | D        | Noticed a bag of meat
    24 | D        | Killed a bag of meat
    24 | D        | Reached skill level 27 in Throwing
    24 | D        | Reached skill level 27 in Armour
    25 | D        | Noticed a meat berserker
    25 | D        | Killed a bag of meat
    26 | D        | Killed a meat berserker
    26 | D        | Reached skill level 15 in Unarmed Combat
    26 | D        | Reached skill level 15 in Invocations
    28 | D        | Noticed an eight-headed meat hydra
    28 | D        | Noticed an eight-headed meat hydra
    28 | D        | Noticed an eight-headed meat hydra
    30 | D        | Noticed a bag of meat
    31 | D        | Killed a bag of meat
    31 | D        | Reached XP level 23. HP: 152/240 MP: 8/53
    31 | D        | Killed a bag of meat
    32 | D        | Noticed a large bag of meat
    32 | D        | Killed a bag of meat
    33 | D        | Noticed a large bag of meat
    33 | D        | Killed a bag of meat
    33 | D        | Killed a bag of meat
    33 | D        | Killed an eight-headed meat hydra
    34 | D        | Noticed a destroyer
    34 | D        | Killed a bag of meat
    34 | D        | Reached skill level 27 in Stealth
    34 | D        | Reached XP level 24. HP: 249/249 MP: 9/53
    34 | D        | Killed a nine-headed meat hydra
    34 | D        | Reached skill level 27 in Unarmed Combat
    34 | D        | Reached skill level 27 in Invocations
    35 | D        | Killed a meat berserker
    35 | D        | Killed a bag of meat
    36 | D        | Noticed a destroyer
    37 | D        | Noticed a destroyer
    38 | D        | Noticed a meat berserker
    38 | D        | Killed a large bag of meat
    38 | D        | Killed a bag of meat
    40 | D        | Noticed a destroyer
    40 | D        | Noticed a destroyer
    40 | D        | Killed a bag of meat
    40 | D        | Reached XP level 25. HP: 245/257 MP: 11/53
    41 | D        | Noticed a bag of meat
    41 | D        | Noticed a destroyer
    41 | D        | Killed a destroyer
    41 | D        | Killed a destroyer
    42 | D        | Noticed a sculptor of flesh
    42 | D        | Killed a nine-headed meat hydra
    42 | D        | Reached XP level 26. HP: 266/266 MP: 11/53
    43 | D        | Killed a destroyer
    44 | D        | Killed a large bag of meat
    44 | D        | Killed a destroyer
    45 | D        | Killed a sculptor of flesh
    45 | D        | Killed a destroyer
    45 | D        | Reached XP level 27. HP: 273/273 MP: 12/53
    45 | D        | Killed a meat berserker
    46 | D        | Killed a destroyer
    47 | D        | Noticed a meat berserker
    49 | D        | Noticed a destroyer
    49 | D        | Noticed a meat berserker
    49 | D        | Noticed a destroyer
    49 | D        | Noticed a sculptor of flesh
    49 | D        | Killed a bag of meat
    50 | D        | Noticed a destroyer
    50 | D        | Killed a destroyer
    51 | D        | Noticed a meat berserker
    51 | D        | Killed a destroyer
    52 | D        | Noticed a meat berserker
    52 | D        | Killed a meat berserker
    53 | D        | Noticed a meat berserker
    54 | D        | Noticed a large bag of meat
    54 | D        | Killed a meat berserker
    55 | D        | Noticed a bag of meat
    56 | D        | Noticed a tyrant
    58 | D        | Noticed a dread
    59 | D        | Noticed The Captor
    59 | D        | Killed a meat berserker
    59 | D        | Killed a bag of meat
    59 | D        | Killed a tyrant
    60 | D        | Noticed a sculptor of flesh
    60 | D        | Killed a meat berserker
    62 | D        | Noticed a dread
    63 | D        | Noticed a bag of meat
    63 | D        | Noticed a bag of meat
    63 | D        | Noticed a destroyer
    63 | D        | Noticed a meat beast
    64 | D        | Noticed a destroyer
    64 | D        | Noticed a meat berserker
    64 | D        | Noticed a bag of meat
    64 | D        | Noticed a large bag of meat
    64 | D        | Noticed a bag of meat
    64 | D        | Noticed a sculptor of flesh
    65 | D        | Noticed a meat berserker
    65 | D        | Noticed a bag of meat
    65 | D        | Noticed a bag of meat
    65 | D        | Noticed a meat berserker
    66 | D        | Noticed a dread
    66 | D        | Killed The Captor
    66 | D        | Killed a sculptor of flesh
    66 | D        | Killed a meat berserker
    67 | D        | Noticed a meat berserker
    67 | D        | Noticed a bag of meat
    67 | D        | Noticed a bag of meat
    67 | D        | Noticed a bag of meat
    67 | D        | Noticed a bag of meat
    67 | D        | Noticed a bag of meat
    68 | D        | Noticed a bag of meat
    68 | D        | Killed a destroyer
    68 | D        | Killed a destroyer
    68 | D        | Noticed a bag of meat
    69 | D        | Noticed a meat berserker
    69 | D        | Noticed a bag of meat
    69 | D        | Noticed a bag of meat
    69 | D        | Noticed a meat berserker
    69 | D        | Noticed a bag of meat
    69 | D        | Killed a meat berserker
    69 | D        | Killed a meat beast
    69 | D        | Killed a dread
    70 | D        | Noticed a bag of meat
    70 | D        | Noticed a meat beast
    70 | D        | Killed a meat berserker
    70 | D        | Killed a large bag of meat
    71 | D        | Noticed a bag of meat
    71 | D        | Noticed a meat berserker
    71 | D        | Noticed a bag of meat
    71 | D        | Noticed a bag of meat
    71 | D        | Noticed a bag of meat
    72 | D        | Noticed a meat beast
    72 | D        | Noticed a meat berserker
    72 | D        | Noticed a meat beast
    72 | D        | Killed a meat berserker
    72 | D        | Killed a bag of meat
    72 | D        | Killed a meat beast
    72 | D        | Killed a bag of meat
    73 | D        | Noticed a meat berserker
    73 | D        | Killed a dread
    73 | D        | Killed a meat berserker
    73 | D        | Killed a bag of meat
    74 | D        | Noticed a meat beast
    74 | D        | Killed a meat berserker
    74 | D        | Killed a meat beast
    75 | D        | Noticed a wretched soul
    75 | D        | Killed a bag of meat
    75 | D        | Killed a destroyer
    76 | D        | Noticed a dread
    76 | D        | Noticed a bag of meat
    76 | D        | Killed a large bag of meat
    76 | D        | Killed a bag of meat
    76 | D        | Killed a meat berserker
    77 | D        | Noticed a bag of meat
    77 | D        | Killed a bag of meat
    77 | D        | Killed a meat beast
    78 | D        | Noticed a bag of meat
    78 | D        | Noticed a bag of meat
    78 | D        | Noticed a meat beast
    78 | D        | Killed a meat berserker
    78 | D        | Killed a dread
    78 | D        | Killed a sculptor of flesh
    79 | D        | Noticed a bag of meat
    79 | D        | Killed a meat beast
    79 | D        | Killed a bag of meat
    79 | D        | Killed a bag of meat
    81 | D        | Noticed a bag of meat
    81 | D        | Noticed a bag of meat
    81 | D        | Killed a bag of meat
    81 | D        | Killed a bag of meat
    81 | D        | Killed a bag of meat
    81 | D        | Killed a meat berserker
    83 | D        | Noticed a bag of meat
    83 | D        | Killed a bag of meat
    83 | D        | Killed a bag of meat
    83 | D        | Killed a bag of meat
    83 | D        | Killed a bag of meat
    85 | D        | Noticed a bag of meat
    86 | D        | Killed a meat beast
    86 | D        | Killed a bag of meat
    88 | D        | Killed a meat berserker
    89 | D        | Noticed a wretched soul
    89 | D        | Noticed a large bag of meat
    89 | D        | Noticed a meat berserker
    90 | D        | Killed a bag of meat
    91 | D        | Noticed a meat beast
    91 | D        | Killed a bag of meat
    92 | D        | Killed a large bag of meat
    93 | D        | Killed a wretched soul
    94 | D        | Noticed a meat berserker
    94 | D        | Killed a bag of meat
    94 | D        | Killed a bag of meat
    95 | D        | Killed a bag of meat
    95 | D        | Killed a meat berserker
    96 | D        | Killed a meat beast
    96 | D        | Killed a bag of meat
    97 | D        | Noticed a meat beast
    98 | D        | Noticed a meat beast
    98 | D        | Noticed an accursed
    98 | D        | Killed a bag of meat
    98 | D        | Killed a bag of meat
    98 | D        | Noticed an observer
    99 | D        | Killed a bag of meat
   100 | D        | Noticed a bag of meat
   100 | D        | Killed a meat berserker
   101 | D        | Noticed an observer
   101 | D        | Killed a meat beast
   102 | D        | Killed a dread
   102 | D        | Killed a bag of meat
   103 | D        | Noticed a dread
   103 | D        | Killed a meat beast
   104 | D        | Killed a bag of meat
   104 | D        | Killed a bag of meat
   105 | D        | Noticed a bag of meat
   106 | D        | Killed a bag of meat
   106 | D        | Killed an observer
   107 | D        | Noticed an observer
   107 | D        | Noticed an observer
   108 | D        | Killed an observer
   108 | D        | Killed a wretched soul
   108 | D        | Killed a bag of meat
   110 | D        | Noticed a wretched soul
   110 | D        | Killed a bag of meat
   112 | D        | Killed a sculptor of flesh
   112 | D        | Killed a dread
   112 | D        | Killed a bag of meat
   112 | D        | Killed an accursed
   115 | D        | Killed an observer
   117 | D        | Noticed a bag of meat
   118 | D        | Killed a wretched soul
   120 | D        | Noticed a fleshlord
   121 | D        | Noticed a meat berserker
   123 | D        | Noticed a bag of meat
   124 | D        | Noticed a fleshlord
   129 | D        | Noticed an accursed
   130 | D        | Noticed a fleshlord
   131 | D        | Noticed an observer
   131 | D        | Noticed a fleshlord
   135 | D        | Killed a bag of meat
   136 | D        | Noticed a sculptor of flesh
   139 | D        | Killed a fleshlord
   139 | D        | Killed an observer
   141 | D        | Noticed a fleshlord
   141 | D        | Killed a sculptor of flesh
   142 | D        | Killed a fleshlord
   143 | D        | Noticed a dread
   144 | D        | Noticed a meat berserker
   145 | D        | Killed a meat berserker
   146 | D        | Noticed an observer
   146 | D        | Noticed an observer
   146 | D        | Killed a dread
   147 | D        | Killed an observer
   147 | D        | Killed a fleshlord
   147 | D        | Killed an observer
   149 | D        | Noticed an observer
   156 | D        | Noticed an observer
   156 | D        | Noticed a tyrant
   156 | D        | Noticed a fleshlord
   156 | D        | Noticed a fleshlord
   156 | D        | Noticed a wretched soul
   157 | D        | Noticed a fleshlord
   157 | D        | Noticed a meat berserker
   157 | D        | Killed an observer
   157 | D        | Killed a fleshlord
   158 | D        | Noticed a bag of meat
   158 | D        | Noticed a wretched soul
   160 | D        | Killed a wretched soul
   161 | D        | Killed a fleshlord
   162 | D        | Killed a meat berserker
   163 | D        | Killed a meat berserker
   164 | D        | Noticed a dread
   164 | D        | HP: 11/273 [fleshlord/+9 great mace (262)]
   164 | D        | Mangled by an accursed

Vault maps used:
D:        meatsprint

Action                   |  1- 3 |  4- 6 |  7- 9 | 10-12 | 13-15 | 16-18 | 19-21 | 22-24 | 25-27 || total
-------------------------+-------+-------+-------+-------+-------+-------+-------+-------+-------++-------
Melee: Executioner's axe |     1 |       |       |     1 |     3 |     2 |     7 |    10 |    63 ||    87
 Cast: Apportation       |       |       |       |       |       |       |       |       |     2 ||     2
